 Dungeon Crawl Stone Soup version 0.30.1-9-gdf580d7c3d (webtiles) character file.

Game seed: 13944012285578635833

303 Vatis the Cudgeller (level 6, -2/56 HPs)
             Began as a Minotaur Berserker on Sept 28, 2023.
             Was a Believer of Trog.
             Slain by a killer bee (8 damage)
             ... on level 7 of the Dungeon.
             The game lasted 00:07:02 (2347 turns).

Vatis the Cudgeller (Minotaur Berserker)            Turns: 2347, Time: 00:07:03

Health: -2/56      AC:  5    Str: 24    XL:     6   Next: 15%
Magic:  5/5        EV: 11    Int:  4    God:    Trog [**....]
Gold:   189        SH:  0    Dex:  9    Spells: 5/5 levels left

rFire   . . .        a - +0 mace
rCold   . . .        (no shield)
rNeg    . . .        j - +0 ring mail
rPois   .            (helmet restricted)
rElec   .            (no cloak)
rCorr   .            (no gloves)
SInv    .            (no boots)
Will    .....        l - amulet of the acrobat
Stlth   +            h - ring of wizardry
HPRegen 0.29/turn    (no ring)
MPRegen 0.09/turn

%: acrobat, wizardry (x1)
@: lethally poisoned (-2 -> -5)
A: horns 2, retaliatory headbutt
a: Renounce Religion, Berserk, Trog's Hand


You were on level 7 of the Dungeon.
You worshipped Trog.
Trog was pleased with you.
You visited 1 branch of the dungeon, and saw 5 of its levels.

You collected 189 gold pieces.

Inventory:

Hand Weapons
 a - a +0 mace (weapon)
Missiles
 g - 11 poisoned darts (quivered)
Armour
 b - a +0 animal skin
 d - a +0 ring mail
 j - a +0 ring mail (worn)
 k - a +0 buckler
Jewellery
 h - a ring of wizardry (left hand)
 l - an amulet of the acrobat (around neck)
Scrolls
 e - a scroll of enchant weapon {unknown}
 f - 8 scrolls of identify {unknown}
 i - a scroll of fog {unknown}
 n - a scroll of brand weapon {unknown}
Potions
 c - a potion of mutation {unknown}
 m - a potion of cancellation {unknown}
 o - a potion of berserk rage {unknown}
 p - a potion of ambrosia {unknown}


   Skills:
 + Level 5.2 Fighting
 + Level 5.5 Maces & Flails
 + Level 4.2 Armour
 + Level 3.5 Dodging
 + Level 0.6 Stealth


You had 5 spell levels left.
You didn't know any spells.
Your spell library was empty.

Dungeon Overview and Level Annotations

Branches:
Dungeon (4/15)
 Temple: D:4-7

Altars:


Innate Abilities, Weirdness & Mutations

You have a pair of horns on your head.
You reflexively headbutt those who attack you in melee.


Message History

Your Armour skill increases to level 4!
You hit the killer bee.
The killer bee is lightly wounded.
The killer bee stings you but does no damage.
The killer bee stings you.
You miss the killer bee. Your headbutt misses the killer bee.
The killer bee is lightly wounded.
The killer bee stings you but does no damage.
The killer bee stings you. x2
You are poisoned.
The killer bee poisons you!
You barely miss the killer bee.
The killer bee is lightly wounded.
You feel sick. The killer bee closely misses you. The killer bee stings you.
You are more poisoned.
The killer bee poisons you!
You hit the killer bee.
The killer bee is moderately wounded.
* * * LOW HITPOINT WARNING * * *
You feel very sick. The killer bee barely misses you.
The killer bee stings you but does no damage.
You feel sick. The killer bee completely misses you. You furiously retaliate!
You headbutt the killer bee! You closely miss the killer bee.
You headbutt the killer bee.
You kill the killer bee!
Trog accepts your kill.
You feel sick. The killer bee closely misses you.
You have reached level 6!
You hit the killer bee but do no damage.
You feel sick. The killer bee barely misses you. x2
The killer bee closely misses you. The killer bee barely misses you.
The killer bee stings you.
* * * LOW HITPOINT WARNING * * *
The killer bee barely misses you. You furiously retaliate!
You headbutt the killer bee. You sock the killer bee!
Your headbutt misses the killer bee.
The killer bee is heavily wounded.
You feel sick. The killer bee stings you!
You die...

############
#.@yy.......
##y###(###.##
##.........
#..##.###.#
##.#........
#...##.# #.#
##.#.# ...
..# #..#...
#.# .. ##.#
#.# ..


You could see 3 killer bees.

Vanquished Creatures
  2 killer bees (D:7)
  2 hounds (D:3)
  Natasha (thrice) (D:3)
  An adder (D:3)
  A gnoll (D:3)
  A worm (D:2)
  A dart slug (D:2)
  2 orcs (D:3)
  2 endoplasms
  3 giant cockroaches
  7 goblins
  6 hobgoblins
  4 jackals
  3 kobolds
  4 quokkas
  7 ball pythons
  3 bats
  6 frilled lizards
  2 rats
60 creatures vanquished.

Notes
Turn   | Place    | Note
-------+----------+-------------------------------------------
     0 | D:1      | Vatis the Minotaur Berserker began the quest for the Orb.
     0 | D:1      | Reached XP level 1. HP: 19/19 MP: 0/0
   225 | D:1      | Reached XP level 2. HP: 27/27 MP: 1/1
   815 | D:2      | Reached XP level 3. HP: 33/33 MP: 2/2
   910 | D:2      | Reached ** piety under Trog
  1570 | D:3      | Reached skill level 5 in Maces & Flails
  1570 | D:3      | Reached XP level 4. HP: 18/41 MP: 3/3
  1772 | D:3      | Noticed Natasha
  1778 | D:3      | Killed Natasha
  1779 | D:3      | Reached XP level 5. HP: 11/47 MP: 4/4
  1966 | D:3      | Noticed Natasha
  1974 | D:3      | Killed Natasha
  2104 | D:3      | Noticed Natasha
  2113 | D:3      | Killed Natasha
  2114 | D:3      | Reached skill level 5 in Fighting
  2325 | D:4      | You fall into a shaft and drop 3 floors!
  2346 | D:7      | Reached XP level 6. HP: 9/56 MP: 5/5
  2347 | D:7      | Slain by a killer bee

Illustrated notes

Levels and vault maps discovered:
D:1:      evilmike_arrival_come_back, layout_basic, st_stairs_9
D:2:      layout_loops_ring
D:3:      layout_rooms, fountainhead, cheibrodos_gnoll_hut, uniq_natasha
D:4:      layout_basic, mainiacjoe_overflow_24_doors, uniq_crazy_yiuf_cottage,
          uniq_menkaure
D:7:      layout_rooms, nicolae_elyvilon_peaceful_grove,
          nicolae_uskayaw_en_pointe, nicolae_concentric_dashed_squares_mild,
          hellmonk_guarded_unrand_zhor

Skill      XL: |  1  2  3  4  5 |
---------------+----------------+-----
Maces & Flails | 4 5 |  5.5
Fighting       | 4 5 |  5.2
Armour         | 3 4 |  4.2
Dodging        | 3 |  3.5
Stealth        | |  0.6

Action                     |  1- 3 |  4- 6 || total
---------------------------+-------+-------++-------
  Melee: Mace              |    80 |    41 ||   121
         Headbutt          |    12 |     1 ||    13
  Throw: Dart              |       |     2 ||     2
 Invoke: Berserk           |     1 |       ||     1
 Armour: Ring mail         |    39 |    13 ||    52
         Animal skin       |     2 |       ||     2
  Dodge: Dodged            |    60 |    26 ||    86
